 Dungeon Crawl Stone Soup version 0.28.0-47-ge53b351184 (webtiles) character file.

Game seed: 7959465646074496440

737 Devinter the Covert (level 7, -1/46 HPs)
             Began as a Vampire Enchanter on May 8, 2022.
             Slain by a warg (10 damage)
             ... on level 6 of the Dungeon.
             The game lasted 00:44:18 (5394 turns).

Devinter the Covert (Vampire Enchanter)             Turns: 5394, Time: 00:44:19

Health: -1/46      AC:  5    Str:  7    XL:     7   Next: 46%
Magic:  6/20       EV: 12    Int: 20    God:
Gold:   373        SH:  5    Dex: 11    Spells: 4/12 levels left

rFire   x . .      SeeInvis +   a - +1 dagger
rCold   + + +      Faith    .   (no shield)
rNeg    . . .      Spirit   .   l - +1 robe of Levity {Rampage rC+++ MP+9 Dex-3}
rPois   .          Reflect  +   (no helmet)
rElec   .          Harm     .   s - +0 cloak
rCorr   .          Rampage  +   F - +0 pair of gloves
Will    .....                   (no boots)
Stlth   ++++......              D - amulet of reflection
HPRegen 0.35/turn               h - ring of ice
MPRegen 0.17/turn               (no ring)

@: healing quickly, invisible
A: alive, fangs 3, see invisible, vampiric 2
a: Exsanguinate


You were on level 6 of the Dungeon.
You visited 2 branches of the dungeon, and saw 7 of its levels.

You collected 373 gold pieces.

Inventory:

Hand Weapons
 a - a +1 dagger (weapon)
Missiles
 e - 10 poisoned darts (quivered)
 j - 98 stones
 n - 29 bolts
 r - 9 atropa-tipped darts
 t - a boomerang
 u - 32 arrows
Armour
 l - the +1 robe of Levity (worn) {Rampage rC+++ MP+9 Dex-3}
   (You found it on level 2 of the Dungeon)

   Dex:       It affects your dexterity (-3).
   rC:        It renders you almost immune to cold.
   MP:        It affects your magic capacity (+9).
   Rampage:   It bestows one free step when moving towards enemies.
 s - a +0 cloak (worn)
 F - a +0 pair of gloves (worn)
Jewellery
 h - a ring of ice (left hand)
 D - an amulet of reflection (around neck)
Wands
 B - a wand of iceblast (3)
 C - a wand of digging (4)
Scrolls
 f - a scroll of noise {unknown}
 i - 4 scrolls of teleportation {unknown}
 m - a scroll of silence {unknown}
 q - 2 scrolls of magic mapping {unknown}
 v - a scroll of fog {unknown}
 w - 2 scrolls of identify {unknown}
 x - a scroll of blinking {unknown}
 y - 3 scrolls of vulnerability {unknown}
 A - a scroll of enchant armour {unknown}
Potions
 b - a potion of cancellation {unknown}
 c - 2 potions of invisibility
 d - 3 potions of curing
 g - a potion of heal wounds {unknown}
 k - a potion of haste {unknown}
 o - 2 potions of flight {unknown}
 p - a potion of brilliance {unknown}
 z - a potion of degeneration {unknown}
 E - a potion of mutation {unknown}


   Skills:
 - Level 3.0 Short Blades
 - Level 3.0 Dodging
 + Level 8.0 Stealth
 - Level 3.0 Spellcasting
 + Level 0.9 Conjurations
 - Level 5.0 Hexes
 - Level 3.0 Ice Magic
 - Level 2.0 Air Magic
 - Level 2.0 Earth Magic
 - Level 2.0 Poison Magic


You had 4 spell levels left.
You knew the following spells:

 Your Spells              Type           Power      Damage    Failure   Level
a - Ensorcelled Hibernat  Hex/Ice        56%        N/A       4%          2
b - Poisonous Vapours     Pois/Air       22%        N/A       10%         2
c - Sandblast             Erth           22%        2d7       6%          1
d - Stone Arrow           Conj/Erth      16%        3d8       24%         3

Your spell library contained the following spells:

 Spells                   Type           Power      Damage    Failure   Level
 Confusing Touch          Hex            23%        N/A       5%          3
 Tukima's Dance           Hex            23%        N/A       5%          3
 Dazzling Flash           Conj/Hex       28%        N/A       13%         3
 Corpse Rot               Necr/Air       14%        N/A       14%         2
 Passwall                 Tmut/Erth      5%         N/A       14%         2


Dungeon Overview and Level Annotations

Branches:
Dungeon (6/15)             Temple (1/1) D:6

Altars:
Cheibriados
Elyvilon
Fedhas
Hepliaklqana
Makhleb
Nemelex Xobeh
Ru
Sif Muna
Trog
Vehumet
Xom
Yredelemnul
Zin
The Shining One

Annotations:
D:3 3 runed translucent doors, exclusion: ice beast, Exodus22XD's ghost, weakling MiFi
D:4 Grinder


Innate Abilities, Weirdness & Mutations

Your natural rate of healing is accelerated.
You have razor-sharp teeth.
You have supernaturally acute eyesight. (SInv)
You are afflicted with vampirism and can become a bat while bloodless.


Message History

Press: ? - help, Shift-Dir - straight line, f/p - warg
Aim: a warg (chance to affect: 41%)
You feel a surge of power!
The warg resists with some effort.
The warg barely misses you. The hound completely misses you.
You block the warg's attack. The warg bites you!
Casting: Ensorcelled Hibernation (safe; 4% risk of failure)
Confirm with . or Enter, or press ? or * to list all spells.
Aiming: Ensorcelled Hibernation (safe; 4% risk of failure)
Press: ? - help, Shift-Dir - straight line, f/p - warg
Aim: a warg (chance to affect: 41%)
You feel a surge of power!
The warg resists with some effort.
The warg bites you. x2
* * * LOW HITPOINT WARNING * * *
The hound barely misses you.
Casting: Ensorcelled Hibernation (safe; 4% risk of failure)
Confirm with . or Enter, or press ? or * to list all spells.
Aiming: Ensorcelled Hibernation (safe; 4% risk of failure)
Press: ? - help, Shift-Dir - straight line, f/p - warg
Aim: a warg (chance to affect: 41%)
You feel a surge of power!
The warg resists with some effort.
* * * LOW MAGIC WARNING * * *
The warg bites you!
* * * LOW HITPOINT WARNING * * *
The hound barely misses you. The warg bites you but does no damage.
The hound misses you. The warg bites you but does no damage.
The hound closely misses you.
Your magical contamination has completely faded away.
You fade into invisibility!
The hound pauses to sniff the ground.
The hound barely misses you. The warg closely misses you.
You block the hound's attack.
Casting: Ensorcelled Hibernation (safe; 4% risk of failure)
Confirm with . or Enter, or press ? or * to list all spells.
Aiming: Ensorcelled Hibernation (safe; 4% risk of failure)
Press: ? - help, Shift-Dir - straight line, f - warg, p - warg
Aim: a warg (almost dead, not susceptible)
You feel a surge of power!
The warg is unaffected.
* * * LOW MAGIC WARNING * * *
The warg bites you!
You die...

#....≈≈≈.#
#....≈≈###+#
#...P≈≈#o..##########
#....≈≈#Ooo#.........
#....≈≈#####≈≈≈≈≈≈≈≈≈
#....≈≈≈≈≈≈≈≈≈≈≈≈≈≈≈≈
#....≈≈≈≈≈≈≈≈≈≈≈≈≈≈≈≈
#....P.....hhh.....P.
#.........@hh....P...
#####################


You could see 2 wargs, an ogre, a howler monkey, 2 hounds, an orc wizard and an
orc (wandering).

Vanquished Creatures
  A scorpion (D:4)
  A gnoll sergeant (D:5)
  A howler monkey (D:5)
  5 hounds
  An orc priest (D:6)
  2 bullfrog skeletons
  3 iguanas
  An orc wizard (D:6)
  A hound skeleton (D:4)
  A howler monkey zombie (D:5)
  5 adders
  7 gnolls
  An ufetubus (D:6)
  A worm (D:2)
  A dart slug (D:2)
  8 orcs
  6 bats
  8 endoplasms
  9 giant cockroaches (D:3)
  5 goblins
  6 hobgoblins
  2 jackals (D:2)
  8 kobolds
  5 quokkas
  4 ball pythons
  5 frilled lizards
  4 rats
102 creatures vanquished.

Notes
Turn   | Place    | Note
-------+----------+-------------------------------------------
     0 | D:1      | Devinter the Vampire Enchanter began the quest for the Orb.
     0 | D:1      | Reached XP level 1. HP: 13/13 MP: 3/3
   498 | D:1      | Reached XP level 2. HP: 16/19 MP: 5/5
   574 | D:1      | Learned a level 2 spell: Ensorcelled Hibernation
   608 | D:1      | Reached skill level 5 in Stealth
  1154 | D:2      | Reached skill level 5 in Hexes
  1154 | D:2      | Gained mutation: You are afflicted with vampirism and can
                  | become a bat while bloodless. [Vampire growth]
  1154 | D:2      | Reached XP level 3. HP: 24/24 MP: 3/6
  1387 | D:2      | Identified the +1 robe of Levity {Rampage rC+++ MP+9 Dex-3}
  1458 | D:2      | Reached skill level 1 in Ice Magic
  1544 | D:2      | Found a faded altar of an unknown god.
  1616 | D:2      | Reached skill level 2 in Short Blades
  1624 | D:2      | Learned a level 2 spell: Poisonous Vapours
  1788 | D:2      | Reached XP level 4. HP: 21/30 MP: 4/7
  1999 | D:3      | Found a shimmering altar of Xom.
  1999 | D:3      | Found a shimmering altar of Xom.
  2000 | D:3      | Found a shimmering altar of Xom.
  2052 | D:3      | Noticed an ice beast
  2329 | D:3      | Reached skill level 3 in Dodging
  2329 | D:3      | Reached skill level 6 in Stealth
  2329 | D:3      | Reached skill level 1 in Air Magic
  2357 | D:3      | Reached XP level 5. HP: 29/35 MP: 3/8
  2663 | D:3      | Reached skill level 1 in Poison Magic
  2804 | D:3      | Found a runed translucent gate.
  2804 | D:3      | Found a runed translucent gate.
  2804 | D:3      | Found a runed translucent gate.
  2806 | D:3      | Noticed Exodus22XD's ghost (weakling MiFi)
  2855 | D:3      | Learned a level 1 spell: Sandblast
  3370 | D:4      | Noticed Grinder
  3385 | D:5      | Entered Level 5 of the Dungeon
  3395 | D:4      | HP: 3/35 [Grinder/nerve-wracking pain (13)]
  3649 | D:4      | Reached skill level 2 in Ice Magic
  3649 | D:4      | Reached skill level 2 in Air Magic
  3649 | D:4      | Reached skill level 1 in Earth Magic
  3717 | D:4      | Reached skill level 2 in Earth Magic
  3717 | D:4      | Reached skill level 2 in Poison Magic
  3717 | D:4      | Reached XP level 6. HP: 41/41 MP: 9/9
  3730 | D:4      | Found a blossoming altar of Fedhas.
  3737 | D:4      | Paralysed by Grinder for 5 turns
  3753 | D:4      | Paralysed by Grinder for 3 turns
  3775 | D:4      | Paralysed by Grinder for 6 turns
  3783 | D:4      | Paralysed by Grinder for 5 turns
  3869 | D:5      | HP: 4/41 [gnoll/+0 spear (3)]
  4194 | D:5      | Found a radiant altar of Vehumet.
  4638 | D:5      | Reached XP level 7. HP: 34/46 MP: 11/11
  4887 | D:4      | Reached skill level 3 in Short Blades
  4900 | D:4      | Reached skill level 7 in Stealth
  4900 | D:4      | Reached skill level 3 in Spellcasting
  4900 | D:4      | Reached skill level 3 in Ice Magic
  5141 | D:5      | Learned a level 3 spell: Stone Arrow
  5231 | D:6      | Found a staircase to the Ecumenical Temple.
  5245 | Temple   | Entered the Ecumenical Temple
  5338 | D:6      | Reached skill level 8 in Stealth
  5394 | D:6      | Slain by a warg

Illustrated notes

Levels and vault maps discovered:
D:1:      sevenhm_arrival_forest_fort_large_4, layout_loops_corners,
          chequers_serial_rivers_room_a
D:2:      layout_loops_cross, chequers_ecumenical_altar_grove,
          minmay_misc_feat_tower, lightli_corner_chamber
D:3:      minmay_roachtagon, layout_loops_corners, xom_redecorated,
          nicolae_elyvilon_temple_path, gammafunk_ghost_nasty_kobolds
D:4:      layout_rooms, mainiacjoe_overflow_brackets,
          nicolae_tso_swordbearing_angel, fedhas_altar_1, kennysheep_crisscross,
          grunt_ministairs_1, uniq_grinder
D:5:      wander_river, layout_cave_pods, nicolae_vehumet_altar_sigil,
          kennysheep_minor_cross
D:6:      lemuel_castle_with_subvaults [lemuel_castle_interior_carwin_2],
          layout_basic, minmay_temple_entry_glass, minmay_between,
          uniq_eustachio
Temple:   dpeg_three_leaves_temple

Skill      XL: |  1  2  3  4  5  6  7 |
---------------+----------------------+-----
Stealth        | 5 6 8 |  8.0
Hexes          | 5 |  5.0
Ice Magic      | 1 2 3 |  3.0
Short Blades   | 2 3 |  3.0
Dodging        | 3 |  3.0
Air Magic      | 1 2 |  2.0
Poison Magic   | 2 |  2.0
Earth Magic    | 2 |  2.0
Spellcasting   | 3 |  3.0
Conjurations   | |  0.9

Action                   |  1- 3 |  4- 6 |  7- 9 || total
-------------------------+-------+-------+-------++-------
Melee: Dagger            |    87 |   101 |    44 ||   232
       Bite              |     6 |    10 |     4 ||    20
       Punch             |     1 |       |       ||     1
Throw: Dart              |     5 |       |       ||     5
 Cast: Ensorcelled Hiber |    22 |    43 |    19 ||    84
       Sandblast         |       |     7 |       ||     7
       Poisonous Vapours |       |     5 |       ||     5
 Abil: Exsanguinate      |     1 |       |       ||     1
  Use: Potion            |       |     1 |     1 ||     2
 Stab: Sleeping          |    27 |    40 |    15 ||    82
Armor: Robe              |    18 |    14 |    12 ||    44
Dodge: Dodged            |    49 |    54 |    48 ||   151
Block: Other             |       |     6 |    16 ||    22
